 Dungeon Crawl Stone Soup version 0.20.1-1-g8b1a95d (webtiles) character file.

37 Kingsmith the Shield-Bearer (level 3, 0/19 HPs)
             Began as a Vine Stalker Fighter on Dec 7, 2017.
             Succumbed to an adder's poison
             ... on level 2 of the Dungeon.
             The game lasted 00:01:25 (1027 turns).

Kingsmith the Shield-Bearer (Vine Stalker Fighter)  Turns: 1027, Time: 00:01:25

Health: 0/19       AC:  6    Str: 21    XL:     3   Next: 39%
Magic:  3/4        EV:  7    Int:  8    God:
Gold:   60         SH:  9    Dex: 13    Spells: 2/2 levels left

rFire    . . .     SeeInvis .   a - +0 trident
rCold    . . .     Gourm    .   c - +0 shield
rNeg     . . .     Faith    .   b - +0 scale mail
rPois    .         Spirit   +   (helmet restricted)
rElec    .         Reflect  .   (no cloak)
rCorr    .         Harm     .   (no gloves)
MR       .....                  (no boots)
Stlth    ..........             (no amulet)
Regen    0.1/turn               (no ring)
MPRegen  0.1/turn               (no ring)

@: lethally poisoned (0 -> -5)
A: fangs 2, horns 1, blurry vision 1, strong 1, magic shield, antimagic bite, no
potion heal 3, rot immunity
a: no special abilities


You were on level 2 of the Dungeon.
You were hungry.

You visited 1 branch of the dungeon, and saw 2 of its levels.

You collected 60 gold pieces.

Inventory:

Hand Weapons
 a - a +0 trident (weapon)
Armour
 b - a +0 scale mail (worn)
 c - a +0 shield (worn)
Jewellery
 e - a +4 ring of dexterity {unknown}
Scrolls
 g - 3 scrolls of identify {unknown}
 i - a scroll of teleportation {unknown}
 j - a scroll of fear {unknown}
Potions
 d - a potion of might
Comestibles
 f - a bread ration
 k - a meat ration
 l - a chunk of flesh


   Skills:
 - Level 2.6 Fighting
 - Level 1.7 Polearms
 - Level 2.4 Armour
 + Level 3.9 Shields


You had 2 spell levels left.
You didn't know any spells.

Dungeon Overview and Level Annotations

Branches:
Dungeon (2/15)

Altars:


Innate Abilities, Weirdness & Mutations

You have extremely sharp teeth.
When hurt, damage is shared between your health and your magic reserves.
Your bite disrupts and absorbs the magic of your enemies.
Potions cannot restore your health.
You are immune to rotting.
You have a pair of small horns on your head.
Scrolls take you a little longer to read.
Your muscles are strong. (Str +2)


Message History

You hit the goblin.
You kill the goblin!
* * * LOW HITPOINT WARNING * * *
You feel sick. You block the bat's attack. The bat hits you but does no damage.
You see here a goblin corpse.
* * * LOW HITPOINT WARNING * * *
You feel sick. The bat hits you but does no damage.
Found a stone staircase leading up.
You block the bat's attack.
* * * LOW HITPOINT WARNING * * *
You feel sick. The bat closely misses you. The bat hits you but does no damage.
You block the bat's attack. The bat hits you.
* * * LOW HITPOINT WARNING * * *
You feel sick. The bat closely misses you. The bat hits you but does no damage.
You block the bat's attack. The bat hits you but does no damage.
You die...

... #.# #.# #..
##.## ...# #..#
#@.# #..#
#.b#### #.....##
####......#
...<....[.######
#####...........
#####....^.....#
................


You could see a bat.

Vanquished Creatures
  An adder (D:2)
  A ball python (D:1)
  A giant cockroach (D:1)
  5 goblins
  5 hobgoblins (D:1)
  2 kobolds (D:1)
  2 bats (D:1)
  2 frilled lizards (D:1)
  7 rats (D:1)
26 creatures vanquished.

Notes
Turn   | Place    | Note
-------+----------+-------------------------------------------
     0 | D:1      | Kingsmith the Vine Stalker Fighter began the quest for the Orb.
     0 | D:1      | Reached XP level 1. HP: 11/11 MP: 2/2
    53 | D:1      | Reached skill level 3 in Shields
   266 | D:1      | Reached XP level 2. HP: 11/16 MP: 3/3
   831 | D:1      | Reached XP level 3. HP: 19/19 MP: 4/4
  1015 | D:2      | Gained mutation: Your muscles are strong. (Str +2) [potion of mutation]
  1015 | D:2      | Gained mutation: Scrolls take you a little longer to read. [potion of mutation]
  1015 | D:2      | Gained mutation: You have a pair of small horns on your head. [potion of mutation]
  1027 | D:2      | Succumbed to an adder's poison

Skill      XL: |  1 |
---------------+----+-----
Shields        | 3 |  3.9
Fighting       | |  2.6
Polearms       | |  1.7
Armour         | |  2.4

Action                   || total
-------------------------++-------
Melee: Trident           ||    97
       Bite              ||    22
  Use: Potion            ||     1
Armor: Scale mail        ||    44
Dodge: Dodged            ||    31
Block: Shield            ||    52
